Map: Taito Citadel LE

Players

HoldTheDoor - Winner!

  • Race: Protoss Protoss
  • League: Diamond
  • Spawn Location: 11:00

Smooth

  • Race: Protoss Protoss
  • League: Master
  • Spawn Location: 5:00

VOD

Have the link to the VOD?

Description

Time

  • Played on: May 12, 2026, 10:13 a.m.
  • Length: 9:36
Show
View Real Time Build Order
Export as new Build Order

HoldTheDoor Protoss - Winner!

Build Orders:  

Get SALT Encoding   

  12  0:00  Probe  
  13  0:12  Probe  
  14  0:18  Pylon  
  14  0:23  Probe  
  15  0:32  Probe  
  15  0:39  Gateway  
  16  0:43  Probe  
  16  0:45  Assimilator  
  17  0:54  Assimilator  
  17  0:56  Probe  
  18  1:08  Probe  
  19  1:11  Gateway  
  19  1:21  Probe  
  20  1:32  Cybernetics Core  
  20  1:34  Probe  
  20  1:39  Pylon  
  21  1:46  Probe  
  22  1:58  Probe  
  22  1:59  Warp Gate  
  23  2:05  Stalker x2  
  27  2:11  Probe  
  28  2:17  Pylon  
  28  2:23  Probe  
  28  2:28  Pylon  
  29  2:35  Probe  
  29  2:36  Stalker  
  30  2:39  Sentry  
  34  2:51  Probe  
  35  3:06  Robotics Facility  
  35  3:23  Pylon  
  35  3:31  Probe, Shield Battery  
  36  3:37  Twilight Council  
  36  3:44  Nexus  
  36  3:45  Shield Battery  
  36  3:54  Probe  
  37  3:56  Zealot  
  37  3:57  Zealot  
  37  4:00  Observer  
  42  4:06  Probe  
  43  4:11  Charge  
  43  4:14  Pylon  
  43  4:18  Probe  
  44  4:26  Zealot  
  44  4:30  Probe  
  47  4:35  Zealot  
  49  4:42  Pylon, Immortal  
  49  4:43  Probe  
  54  4:55  Probe  
  54  4:58  Probe  
  56  5:07  Probe  
  56  5:13  Pylon  
  57  5:18  Forge  
  57  5:21  Pylon  
  57  5:22  Probe  
  57  5:25  Zealot  
  57  5:27  Zealot  
  62  5:32  Probe  
  63  5:35  Probe  
  64  5:44  Probe  
  64  5:46  Assimilator  
  64  5:47  Probe  
  66  5:52  Zealot x2  
  66  5:54  Protoss Ground Weapons Level 1  
  70  6:00  Gateway  
  70  6:03  Gateway  
  70  6:31  Zealot x2  
  74  6:43  Immortal  
  78  7:00  Zealot x2  
  78  7:01  Zealot x2  
  86  7:19  Immortal  
  90  7:24  Shield Battery  
  90  7:25  Shield Battery  
  90  7:26  Pylon  
  90  7:35  Zealot x3  
  90  7:51  Warp Prism  
  92  7:59  Gateway  
  92  8:01  Gateway  
  92  8:03  Gateway  
  92  8:05  Gateway  
  92  8:07  Gateway  
  92  8:13  Gateway  
  92  8:14  Gateway  
  92  8:16  Sentry x3  
  92  8:17  Gateway, Zealot  
  100  8:26  Gateway x2  
  100  8:30  Pylon  
  100  8:32  Assimilator  
  100  8:33  Pylon  
  100  8:35  Pylon  
  100  8:46  Templar Archives  
  100  8:55  Zealot x4  
  106  8:56  Zealot  
  104  9:16  Zealot x6  
  104  9:17  Zealot x2  
Show
View Real Time Build Order
Export as new Build Order

Smooth Protoss 

Build Orders:  

Get SALT Encoding   

  12  0:00  Probe  
  13  0:12  Probe  
  14  0:19  Pylon  
  14  0:24  Probe  
  15  0:37  Probe  
  15  0:39  Gateway  
  16  0:49  Probe  
  17  0:50  Assimilator  
  17  1:01  Probe  
  18  1:09  Assimilator  
  18  1:12  Probe  
  18  1:13  Pylon  
  19  1:20  Probe  
  20  1:28  Cybernetics Core  
  20  1:29  Probe  
  20  1:38  Gateway  
  21  1:47  Probe  
  22  1:55  Probe  
  23  2:02  Stalker  
  23  2:07  Warp Gate, Probe  
  26  2:22  Stalker  
  28  2:40  Nexus  
  28  2:43  Pylon, Stalker  
  30  2:58  Stalker  
  30  3:04  Shield Battery  
  32  3:13  Sentry  
  34  3:30  Sentry  
  36  3:38  Twilight Council  
  36  3:54  Gateway, Forge  
  36  3:58  Stalker  
  36  4:00  Stalker  
  40  4:14  Probe  
  41  4:18  Probe  
  41  4:22  Protoss Ground Weapons Level 1  
  41  4:23  Charge  
  42  4:26  Pylon, Probe  
  43  4:34  Sentry  
  43  4:36  Zealot  
  47  4:38  Probe  
  48  4:50  Probe  
  48  4:52  Probe  
  50  4:57  Assimilator  
  50  5:00  Assimilator  
  50  5:03  Probe  
  50  5:04  Probe  
  50  5:06  Photon Cannon  
  52  5:15  Probe, Stalker x2  
  52  5:17  Probe  
  52  5:19  Zealot  
  60  5:27  Probe  
  61  5:29  Probe  
  62  5:37  Gateway  
  62  5:38  Forge  
  62  5:39  Gateway  
  62  5:45  Robotics Facility  
  62  5:51  Photon Cannon  
  62  5:57  Pylon  
  62  6:00  Pylon  
  62  6:05  Blink  
  62  6:14  Pylon  
  62  6:16  Probe, Pylon  
  56  6:35  Zealot x5  
  66  6:41  Pylon  
  66  6:50  Protoss Ground Armor Level 1, Protoss Ground Weapons Level 2  
  60  7:02  Probe  
  61  7:10  Probe  
  62  7:20  Probe  
  49  7:46  Zealot x5  
  49  7:49  Immortal  
  57  8:15  Nexus  
  57  8:21  Probe  
  58  8:28  Pylon  
  58  8:33  Sentry, Probe  
  61  8:36  Sentry  
  61  8:39  Sentry  
  65  8:41  Sentry  
  67  8:48  Zealot  
  67  8:53  Probe  
  70  9:05  Probe  
  49  9:17  Probe  
  49  9:20  Zealot  
  49  9:21  Zealot x2  
  49  9:29  Sentry x2  
Tags
 
Matchup
PvP
Replay Pack
SC2Mai2026
Spawn Locations
Cross Positions
Add a new tag
Caveats
  • Supply blocks, unpowered buildings, or Contaminate may cause inaccurate times.
  • Supply counts are checked every 10 seconds.